Map: Mech Depot LE

Players

omegabanana

  • Race: Protoss Protoss
  • League: Gold
  • Spawn Location: 7:00

PandaBearMe - Winner!

  • Race: Zerg Zerg
  • League: Master
  • Spawn Location: 1:00

VOD

https://go.twitch.tv/videos/186074637

Description

Time

  • Played on: Oct. 29, 2017, 11:47 a.m.
  • Length: 11:54
Show
View Real Time Build Order
Export as new Build Order

omegabanana Protoss 

Build Orders: 1 Gate Expand, Oracle Opening, Zealot Archon 

Get SALT Encoding   

  12  0:01  Probe (Chrono Boost)  
  13  0:11  Probe (Chrono Boost)  
  14  0:19  Pylon  
  14  0:22  Probe (Chrono Boost)  
  15  0:37  Probe (Chrono Boost)  
  15  0:39  Gateway  
  16  0:45  Assimilator  
  16  0:47  Probe (Chrono Boost)  
  17  0:58  Probe (Chrono Boost)  
  18  1:08  Probe (Chrono Boost)  
  19  1:21  Nexus  
  19  1:24  Probe (Chrono Boost)  
  20  1:35  Cybernetics Core  
  20  1:37  Probe (Chrono Boost)  
  21  1:44  Assimilator  
  21  1:48  Probe (Chrono Boost)  
  21  1:53  Pylon  
  22  1:59  Probe (Chrono Boost)  
  23  2:11  Probe (Chrono Boost)  
  23  2:12  Stalker (Chrono Boost)  
  26  2:23  Probe  
  27  2:30  Stargate  
  27  2:33  Probe  
  27  2:35  Probe  
  29  2:39  Adept (Chrono Boost)  
  29  2:42  Warp Gate  
  29  2:43  Probe  
  31  2:47  Probe  
  33  2:54  Probe  
  34  2:59  Probe  
  34  3:02  Adept (Chrono Boost)  
  34  3:04  Probe  
  37  3:11  Probe  
  39  3:14  Pylon, Oracle (Chrono Boost)  
  39  3:17  Probe  
  43  3:24  Probe  
  44  3:32  Gateway x2, Probe  
  45  3:38  Pylon, Probe  
  46  3:43  Probe  
  46  3:46  Oracle (Chrono Boost)  
  50  3:53  Probe  
  51  3:56  Assimilator  
  51  3:58  Pylon  
  51  4:01  Probe  
  52  4:05  Probe  
  53  4:19  Nexus  
  53  4:27  Mothership Core, Probe  
  53  4:29  Pylon  
  56  4:32  Pylon  
  56  4:36  Pylon  
  56  4:41  Probe  
  56  4:43  Assimilator  
  57  4:45  Twilight Council  
  57  4:47  Forge  
  57  4:49  Adept x3  
  63  5:03  Probe (Chrono Boost)  
  63  5:04  Probe (Chrono Boost)  
  65  5:09  Adept x3  
  65  5:11  Charge  
  71  5:14  Probe (Chrono Boost)  
  71  5:16  Robotics Facility  
  71  5:19  Probe (Chrono Boost)  
  73  5:24  Protoss Ground Weapons Level 1 (Chrono Boost)  
  73  5:25  Probe  
  74  5:30  Probe  
  74  5:31  Probe  
  76  5:37  Probe  
  76  5:41  Probe  
  78  5:42  Probe  
  78  5:46  Assimilator  
  78  5:48  Assimilator  
  78  5:49  Probe  
  80  6:02  Probe  
  80  6:03  Probe  
  80  6:04  Sentry x3  
  79  6:05  Probe  
  79  6:09  Gateway  
  79  6:11  Gateway  
  81  6:12  Gateway  
  81  6:14  Gateway, Probe x2  
  81  6:16  Warp Prism  
  81  6:17  Probe  
  84  6:24  Gateway, Probe  
  78  6:26  Pylon  
  78  6:31  Probe x2  
  81  6:35  Probe  
  81  6:36  Templar Archives  
  81  6:39  Pylon  
  82  6:43  Probe x2  
  82  6:46  Probe  
  84  6:50  Zealot x3  
  91  6:54  Protoss Ground Weapons Level 2 (Chrono Boost)  
  91  7:00  Probe  
  93  7:09  Photon Cannon x2  
  93  7:12  Immortal (Chrono Boost)  
  93  7:13  Photon Cannon  
  93  7:15  High Templar x3  
  102  7:16  High Templar  
  104  7:25  Gateway  
  104  7:26  Archon x2  
  104  7:28  High Templar, Gateway  
  104  7:29  High Templar, Zealot x2  
  112  7:33  Pylon  
  112  7:34  Archon  
  112  7:36  Pylon  
  105  7:45  Probe x2  
  105  7:47  Immortal (Chrono Boost)  
  97  7:52  Zealot, Probe  
  97  7:53  Zealot x2  
  97  7:57  Probe x2  
  105  8:03  Probe  
  106  8:09  Probe  
  106  8:10  Probe  
  108  8:13  Probe  
  108  8:15  High Templar x3  
  108  8:16  High Templar, Zealot x2  
  121  8:21  Probe  
  121  8:22  Probe  
  121  8:25  Archon x2  
  121  8:26  Probe  
  123  8:27  Adept  
  123  8:28  Adept  
  128  8:39  Pylon x2  
  122  8:55  Observer (Chrono Boost)  
  123  8:58  Probe  
  124  9:05  High Templar x4, Nexus  
  124  9:06  Adept x4  
  124  9:07  Adept  
  124  9:08  Zealot  
  144  9:10  Archon x2  
  144  9:22  Immortal (Chrono Boost)  
  128  9:35  Zealot x6  
  128  9:37  Zealot  
  128  9:38  Zealot x3  
  128  9:59  Psionic Storm  
  110  10:00  Zealot x9  
  91  10:30  High Templar, Immortal  
  91  10:31  High Templar x5  
  91  10:32  Sentry  
  91  10:33  Zealot x3  
  111  10:38  Archon x2  
  111  10:43  Pylon, Archon  
  111  10:44  Pylon  
  99  11:10  Immortal, Zealot x7  
  117  11:16  High Templar x2  
  117  11:22  Zealot  
  110  11:32  Zealot x4  
  89  11:35  High Templar x2  
Show
View Real Time Build Order
Export as new Build Order

PandaBearMe Zerg - Winner!

Build Orders: Hatch First 

Get SALT Encoding   

  12  0:01  Drone  
  13  0:13  Overlord  
  13  0:16  Drone  
  14  0:31  Drone x2  
  16  0:48  Hatchery  
  15  0:53  Drone  
  15  0:56  Drone  
  17  0:59  Drone  
  17  1:02  Extractor  
  17  1:15  Spawning Pool  
  16  1:18  Drone  
  16  1:21  Drone  
  18  1:28  Drone  
  19  1:39  Drone  
  20  1:50  Overlord  
  20  2:01  Queen x2  
  20  2:03  Metabolic Boost  
  20  2:07  Zergling x2  
  25  2:10  Drone  
  25  2:13  Drone  
  27  2:17  Drone  
  27  2:22  Drone x2  
  30  2:42  Hatchery  
  29  2:44  Zergling x2  
  29  2:46  Pneumatized Carapace  
  30  2:53  Drone x2  
  30  2:55  Drone  
  33  2:59  Overlord  
  33  3:02  Drone  
  35  3:05  Drone  
  35  3:11  Drone  
  36  3:18  Drone x5  
  41  3:22  Overlord  
  41  3:25  Drone  
  42  3:30  Queen  
  44  3:46  Overlord, Drone x5  
  44  3:47  Drone  
  50  3:51  Spore Crawler  
  49  4:00  Drone  
  49  4:02  Lair  
  50  4:06  Evolution Chamber  
  50  4:07  Extractor  
  48  4:10  Overlord, Drone  
  48  4:11  Drone x3  
  48  4:15  Spore Crawler  
  51  4:20  Overlord  
  51  4:21  Drone x4  
  55  4:34  Baneling Nest  
  55  4:35  Drone x3  
  55  4:36  Zerg Melee Weapons Level 1  
  57  4:40  Spore Crawler, Queen  
  57  4:41  Drone  
  57  4:42  Drone  
  57  4:44  Drone  
  61  4:53  Zergling x8  
  61  4:54  Overlord  
  61  4:58  Extractor, Drone x2  
  60  5:00  Extractor  
  60  5:05  Zergling x6  
  60  5:06  Zergling x2  
  63  5:07  Zergling x2  
  63  5:11  Overlord  
  63  5:12  Drone x3  
  66  5:15  Queen  
  68  5:24  Baneling  
  68  5:25  Baneling x3  
  68  5:26  Drone x3  
  68  5:27  Drone  
  68  5:28  Drone x2  
  74  5:31  Drone x2  
  75  5:38  Overlord  
  75  5:40  Hydralisk Den  
  74  5:43  Drone  
  74  5:45  Drone  
  76  5:54  Zergling x2  
  69  5:57  Zergling x2  
  69  5:58  Zergling x14  
  69  6:03  Zergling x2  
  69  6:04  Zergling x2  
  75  6:06  Zergling x4  
  75  6:08  Zergling x2  
  75  6:10  Zergling x2  
  76  6:23  Overlord, Muscular Augments, Drone  
  75  6:28  Centrifical Hooks, Drone  
  76  6:33  Overlord  
  76  6:34  Drone x2  
  78  6:41  Drone  
  78  6:43  Zerg Melee Weapons Level 2  
  78  6:45  Drone  
  78  6:47  Extractor, Drone x2  
  79  6:48  Drone  
  82  6:56  Hatchery  
  79  7:05  Baneling x3  
  79  7:10  Baneling x3  
  79  7:12  Overlord, Drone x4, Hydralisk  
  79  7:13  Extractor, Hydralisk x2  
  88  7:17  Hydralisk x2  
  88  7:20  Hydralisk x2  
  96  7:24  Overlord  
  96  7:32  Overlord, Hydralisk x2  
  100  7:39  Drone  
  100  7:41  Overlord  
  100  7:42  Drone  
  94  7:53  Baneling  
  94  7:55  Hydralisk x9  
  110  8:08  Hydralisk  
  110  8:09  Hydralisk x4  
  110  8:10  Zergling x2  
  110  8:11  Zergling x4  
  122  8:16  Zergling x4  
  122  8:17  Drone  
  122  8:18  Drone  
  126  8:21  Drone  
  126  8:22  Drone x2  
  126  8:25  Drone  
  130  8:33  Drone x6  
  136  8:39  Spire  
  134  8:50  Zergling x2  
  134  8:51  Zergling x16  
  134  8:52  Zergling x2  
  134  8:54  Overlord  
  134  8:55  Zergling x2  
  145  8:57  Baneling x2  
  145  8:58  Baneling x6  
  145  8:59  Zergling x2  
  145  9:02  Zerg Missile Weapons Level 1  
  146  9:03  Zergling x2  
  146  9:06  Zergling x8  
  146  9:07  Overlord x2  
  146  9:08  Overlord x3  
  151  9:11  Baneling x6  
  151  9:14  Zergling x4  
  151  9:15  Zergling x2  
  154  9:17  Zergling x4  
  154  9:18  Zergling x2  
  154  9:22  Zergling x4  
  140  9:37  Zergling x24  
  143  9:38  Overseer  
  143  9:41  Extractor x2  
  143  9:44  Baneling  
  143  9:45  Baneling x4  
  137  9:47  Zergling x18  
  137  9:51  Baneling x6  
  126  10:00  Hydralisk x3  
  128  10:11  Hydralisk x4  
  128  10:14  Hatchery  
  130  10:24  Zergling x2  
  127  10:30  Zergling x2  
  127  10:31  Zergling x14  
  127  10:34  Baneling x8  
  135  10:36  Mutalisk x2  
  135  10:38  Mutalisk  
  135  10:41  Mutalisk  
  143  10:43  Mutalisk  
  143  10:48  Mutalisk  
  143  10:49  Mutalisk  
  148  10:53  Mutalisk x2  
  148  10:54  Mutalisk  
  151  11:05  Mutalisk x2  
  152  11:22  Zergling x24  
  164  11:26  Zergling x4  
  164  11:31  Zergling x2  
  164  11:32  Zergling x10  
  168  11:36  Zergling x4  
  168  11:37  Zergling x2  
Tags
 
Add a new tag
Caveats
  • Supply blocks, unpowered buildings, or Contaminate may cause inaccurate times.
  • Supply counts are checked every 10 seconds.